 Dungeon Crawl Stone Soup version 0.26-a0-639-g72c4674329 (webtiles) character file.

Game seed: 13377182613276222550

55 Borgoz the Skirmisher (level 3, 0/24 HPs)
             Began as a Gargoyle Berserker on Sept 18, 2020.
             Was a Believer of Trog.
             Slain by an ogre
             ... wielding a +0 giant spiked club
              (23 damage)
             ... on level 2 of the Dungeon.
             The game lasted 00:01:20 (1397 turns).

Borgoz the Skirmisher (Gargoyle Berserker)          Turns: 1397, Time: 00:01:20

Health: 0/24       AC:  8    Str: 20    XL:     3   Next: 93%
Magic:  3/3        EV: 11    Int:  7    God:    Trog [**....]
Gold:   116        SH:  0    Dex: 10    Spells: 2/2 levels left

rFire    . . .     SeeInvis .   a - +0 mace
rCold    . . .     Faith    .   (no shield)
rNeg     + . .     Spirit   .   p - +0 ring mail
rPois    ∞         Reflect  .   (no helmet)
rElec    +         Harm     .   (no cloak)
rCorr    +         Rampage  .   (no gloves)
MR       .....                  (no boots)
Stlth    ..........             (no amulet)
HPRegen  0.08/turn              o - ring of resist corrosion
MPRegen  0.08/turn              (no ring)

@: no status effects
A: negative energy resistance 1, electricity resistance, unbreathing,
petrification resistance, rot immunity, AC +3
a: Berserk, Trog's Hand, Renounce Religion


You were on level 2 of the Dungeon.
You worshipped Trog.
Trog was pleased with you.
You visited 1 branch of the dungeon, and saw 2 of its levels.

You collected 116 gold pieces.

Inventory:

Hand Weapons
 a - a +0 mace (weapon)
Armour
 p - a +0 ring mail (worn)
Jewellery
 b - a +4 ring of protection {unknown}
 o - a ring of resist corrosion (left hand)
Scrolls
 c - a scroll of enchant armour {unknown}
 e - 4 scrolls of identify {unknown}
 j - a scroll of remove curse {unknown}
 m - a scroll of fear {unknown}
 n - a scroll of amnesia {unknown}
Potions
 d - 2 potions of degeneration {unknown}
 f - a potion of curing {unknown}
 g - a potion of resistance {unknown}
 h - a potion of flight {unknown}
 i - 2 potions of brilliance {unknown}
 k - a potion of magic {unknown}
 l - a potion of stabbing {unknown}


   Skills:
 + Level 3.6 Fighting
 * Level 3.6 Maces & Flails
 + Level 2.7 Armour
 * Level 2.2 Dodging


You had 2 spell levels left.
You didn't know any spells.
Your spell library was empty.

Dungeon Overview and Level Annotations

Branches:
Dungeon (2/15)

Altars:


Innate Abilities, Weirdness & Mutations

You are resistant to torment.
Your stone body is resilient. (AC +3)
You are immune to poison.
You resist negative energy. (rN+)
You are resistant to electric shocks. (rElec)
You can survive without breathing.
You are immune to petrification.
You are immune to rotting.


Message History

You sock the ogre!
The ogre is moderately wounded.
The ogre closely misses you.
Firing (i - inventory) No suitable missiles.
Press: ? - help, Shift-Dir - straight line, f - ogre
Aim: an ogre, wielding a +0 giant spiked club (moderately wounded)
Okay, then.
Firing (i - inventory) No suitable missiles.
Press: ? - help, Shift-Dir - straight line, f/p - ogre
Aim: an ogre, wielding a +0 giant spiked club (moderately wounded)
Okay, then.
You aren't carrying any items that you can evoke.
You sock the ogre!
The ogre is almost dead.
The ogre barely misses you.
You hit the ogre but do no damage.
The ogre is almost dead.
The ogre hits you with a +0 giant spiked club!!
Ouch! That really hurt!
You die...

#.......#.## #.....(..... ##
#........... #.. #...........
#..##### #####....... #[.....####
#.#..... #.##..)...### #.#.....
#.####...###.#<.... #
#.@Ob###..##....... #
#..#...##..# ...... # .###.#
...##.## ..... . #.#.#.# ...#..#
..... # #####.#.#.. ..##.# .....
# #.....#.##. ..#†##..... #
#........##..###.#..#.....
########....##..# #.....#..#.....
................######.....#.....


You could see an ogre and a bat.

Vanquished Creatures
  2 adders (D:2)
  3 dart slugs
  3 leopard geckos (D:2)
  A giant cockroach (D:1)
  2 goblins
  A hobgoblin (D:1)
  2 ball pythons
  6 bats
  4 frilled lizards
  6 kobolds
  A rat (D:2)
31 creatures vanquished.

Notes
Turn   | Place    | Note
-------+----------+-------------------------------------------
     0 | D:1      | Borgoz the Gargoyle Berserker began the quest for the Orb.
     0 | D:1      | Reached XP level 1. HP: 14/14 MP: 1/1
   247 | D:1      | Reached XP level 2. HP: 19/19 MP: 2/2
   928 | D:2      | Reached XP level 3. HP: 23/23 MP: 3/3
  1213 | D:2      | Reached ** piety under Trog
  1385 | D:2      | Noticed an ogre
  1397 | D:2      | Slain by an ogre

Illustrated notes

Levels and vault maps discovered:
D:1:      mainiacjoe_arrival_reflecting_pool, layout_basic
D:2:      minmay_evil_eye, layout_basic, nicolae_ashenzari_panopticon

Skill      XL: |  1  2 |
---------------+-------+-----
Dodging        | 2 |  2.2
Fighting       | |  3.6
Maces & Flails | |  3.6
Armour         | |  2.7

Action                   || total
-------------------------++-------
Melee: Mace              ||    98
Armor: Animal skin       ||    18
       Ring mail         ||    32
Dodge: Dodged            ||    68

Table legend: (Time is in decaauts)
 A = Elapsed time spent in this place.
 B = Non-inter-level travel time spent in this place.
 C = Inter-level travel time spent in this place.
 D = Time resting spent in this place.
 E = Time spent auto-exploring this place.
 F = Levels seen in this place.
 G = Mean time per level.
                   A        B        C        D        E       F      G
               +--------+--------+--------+--------+--------+-----+--------+
         Total |   1419 |   1384 |     35 |    113 |   1026 |   2 |  709.5 |
       Dungeon |   1419 |   1384 |     35 |    113 |   1026 |   2 |  709.5 |
               +--------+--------+--------+--------+--------+-----+--------+

Top non-repeatable levels by time:
     D:1: 846 daAuts
     D:2: 572 daAuts
